 Dungeon Crawl Stone Soup version 0.31-a0-182-gc5ef74bbde (webtiles) character file.

Game seed: 9680766262864887141

16 frimble the Grasshopper (level 2, 0/19 HPs)
             Began as an Octopode Warper on June 20, 2023.
             Succumbed to an adder's poison
             ... on level 2 of the Dungeon.
             The game lasted 00:00:49 (1101 turns).

frimble the Grasshopper (Octopode Warper)           Turns: 1101, Time: 00:00:50

Health: 0/19       AC:  1    Str:  9 (10) XL:     2   Next: 58%
Magic:  3/5        EV: 10    Int: 14 (15) God:
Gold:   39         SH:  0    Dex: 10 (11) Spells: 3/5 levels left

rFire   . .          .
                       - Unarmed
rCold   . . .        (no shield)
rNeg    . . .        (helmet restricted)
rPois   .            (no amulet)
rElec   .            (no ring)
rCorr   .            (no ring)
SInv    .            (no ring)
Will    .....        (no ring)
Stlth   ++           (no ring)
HPRegen 0.23/turn    (no ring)
MPRegen 0.09/turn    (no ring)
                     (no ring)

%: no passive effects
@: lethally poisoned (0 -> -4), constricted
A: almost no armour, amphibious, 8 rings, camouflage 1, gelatinous body 1,
(nimble swimmer 1), tentacles
a: no special abilities


You were on level 2 of the Dungeon.
You visited 1 branch of the dungeon, and saw 2 of its levels.

You collected 39 gold pieces.

Inventory:

Missiles
 b - 7 boomerangs of dispersal (quivered)
 i - 3 javelins
Jewellery
 h - a +6 ring of strength
Scrolls
 a - a scroll of blinking
 d - a scroll of poison {unknown}
 e - a scroll of noise {unknown}
 f - a scroll of summoning {unknown}
 g - a scroll of revelation {unknown}
 j - a scroll of teleportation {unknown}
 k - a scroll of fear {unknown}


   Skills:
 - Level 2.0 Fighting
 + Level 1.8 Throwing
 - Level 2.3 Dodging
 + Level 2.5 Unarmed Combat
 + Level 2.0 Spellcasting
 + Level 3.0 Translocations


You had 3 spell levels left.
You knew the following spells:

 Your Spells              Type           Power      Damage    Failure   Level
a - Blink                 Tloc           18%        N/A       11%         2

Your spell library contained the following spells:

 Spells                   Type           Power      Damage    Failure   Level
 Lesser Beckoning         Tloc           18%        N/A       11%         2
 Momentum Strike          Conj/Tloc      10%        3d8       19%         2
 Teleport Other           Tloc           9%         N/A       21%         3
 Sting                    Tmut/Pois      4%         1d3       24%         1
 Poisonous Vapours        Pois/Air       2%         N/A       34%         2
 Vhi's Electric Charge    Tloc/Air       10%        N/A       36%         3
 Manifold Assault         Tloc           9%         N/A       56%         4
 Olgreb's Toxic Radiance  Pois           1%         N/A       93%         4


Dungeon Overview and Level Annotations

Branches:
Dungeon (2/15)

Altars:


Innate Abilities, Weirdness & Mutations

You cannot wear most types of armour.
You are amphibious.
You can wear up to eight rings at the same time.
Your skin changes colour to match your surroundings (Stealth+).
Your rubbery body absorbs attacks. (AC +1, EV +1)
((You are camouflaged when in or above water. (Stealth+)))
You have tentacles for arms and can constrict up to eight enemies at once.


Message History

The adder bites you. The hobgoblin completely misses you.
The ball python bites you. The ball python constricts you.
It was a potion of degeneration.
There was something very wrong with that liquid.
You feel weakened.
You feel dopey.
You feel clumsy. The adder closely misses you.
The giant cockroach bites you but does no damage.
The jackal misses you. The hobgoblin barely misses you.
A rat comes into view.
The ball python bites you. The ball python constricts you. The adder bites you.
The giant cockroach barely misses you.
You tentacle-slap the giant cockroach. You grab the giant cockroach.
You squeeze the giant cockroach, but do no damage.
The giant cockroach is moderately wounded.
You constrict the giant cockroach, but do no damage.
The jackal bites you.
The hobgoblin hits you but does no damage.
The ball python bites you. The ball python constricts you.
The adder barely misses you. The jackal barely misses you.
The giant cockroach bites you.
You tentacle-slap the giant cockroach but do no damage.
The giant cockroach is moderately wounded.
You constrict the giant cockroach. The jackal bites you.
* * * LOW HITPOINT WARNING * * *
The adder bites you.
* * * LOW HITPOINT WARNING * * *
You are lethally poisoned!
The adder poisons you! The ball python barely misses you.
The ball python constricts you.
* * * LOW HITPOINT WARNING * * *
The hobgoblin barely misses you. The giant cockroach bites you.
* * * LOW HITPOINT WARNING * * *
You aren't carrying any potions.
Okay, then.
Unknown command.
You tentacle-slap the giant cockroach but do no damage.
The giant cockroach is heavily wounded.
You feel stable enough to blink again.
You constrict the giant cockroach, but do no damage.
You die...

#......######.....#
#.#..### ###...##
#...## ##...# #...#
##### .#...# #..##
...##.##..# #..# #
[..#..#..# #..# #.
#?.#..#..# ...#.
#.?##h....#..#
##..#..#..B@Sr...#.##
...##.##.g.S#..##.#
....#..######..#..#
#....##........##.##
..........###..#
........###...##
####....†...###
##.......# #.......#


You could see an adder, a jackal, a giant cockroach, a hobgoblin, a ball python
and a rat.

Vanquished Creatures
  2 ball pythons (D:1)
  3 bats
  2 endoplasms
  2 giant cockroaches
  A goblin (D:1)
  A hobgoblin (D:2)
  A kobold (D:1)
  A frilled lizard (D:1)
  2 rats (D:1)
15 creatures vanquished.

Notes
Turn   | Place    | Note
-------+----------+-------------------------------------------
     0 | D:1      | frimble the Octopode Warper began the quest for the Orb.
     0 | D:1      | Reached XP level 1. HP: 14/14 MP: 3/3
   428 | D:1      | Reached XP level 2. HP: 19/19 MP: 5/5
   503 | D:1      | Learned a level 2 spell: Blink
   722 | D:1      | Found a faded altar of an unknown god.
  1101 | D:2      | Succumbed to an adder's poison

Illustrated notes

Levels and vault maps discovered:
D:1:      roderic_chinese_lattice_arrival, layout_basic,
          shapermc_ecumenical_altar_starsandcircs,
          chequers_serial_rivers_small_a
D:2:      minmay_alternating_diamond, layout_loops_ring, roderic_three_in_a_row,
          dk_noncrumbling_3, minmay_randomly_rotated_circles

Action                     || total
---------------------------++-------
  Melee: Unarmed           ||    33
         Tentacles         ||    10
         Constrict         ||     7
   Cast: Blink             ||     1
    Use: Potion            ||     1
   Stab: Sleeping          ||     5
 Armour: Skin              ||     4
  Dodge: Dodged            ||    22

Table legend: (Time is in decaauts)
 A = Elapsed time spent in this place.
 B = Non-inter-level travel time spent in this place.
 C = Inter-level travel time spent in this place.
 D = Time resting spent in this place.
 E = Time spent auto-exploring this place.
 F = Levels seen in this place.
 G = Mean time per level.
                   A        B        C        D        E       F      G
               +--------+--------+--------+--------+--------+-----+--------+
         Total |   1099 |    997 |    102 |      0 |    883 |   2 |  549.5 |
       Dungeon |   1099 |    997 |    102 |      0 |    883 |   2 |  549.5 |
               +--------+--------+--------+--------+--------+-----+--------+

Top non-repeatable levels by time:
     D:1: 968 daAuts
     D:2: 131 daAuts
